 Seeded DCSS version 0.29.1-2-gbd0b4ee654 (webtiles) character file.

Game seed: 11572710697946434321 (custom seed)

10 gzilladon the Ducker (level 2, -2/29 HPs)
             Began as a Gnoll Monk on Nov 9, 2022.
             Slain by an adder (3 damage)
             ... on level 2 of the Dungeon.
             The game lasted 00:00:43 (500 turns).

gzilladon the Ducker (Gnoll Monk)                    Turns: 500, Time: 00:00:43

Health: -2/29      AC:  2    Str: 10    XL:     2   Next: 20%
Magic:  2/2        EV: 14    Int:  9    God:
Gold:   6          SH:  0    Dex: 14    Spells: 1/1 levels left

rFire   . . .      SeeInvis .   a - +0 hand axe
rCold   . . .      Faith    .   (no shield)
rNeg    . . .      Spirit   .   b - +0 robe
rPois   .          Reflect  .   (no helmet)
rElec   .          Harm     .   (no cloak)
rCorr   .          Rampage  .   (no gloves)
Will    .....                   (no boots)
Stlth   +++.......              (no amulet)
HPRegen 0.09/turn               (no ring)
MPRegen 0.08/turn               (no ring)

@: no status effects
A: fangs 1, strong nose, distributed training
a: no special abilities


You were on level 2 of the Dungeon.
You visited 1 branch of the dungeon, and saw 2 of its levels.

You collected 6 gold pieces.

Inventory:

Hand Weapons
 a - a +0 hand axe (weapon)
Armour
 b - a +0 robe (worn)
Potions
 c - a potion of ambrosia
 d - a potion of brilliance {unknown}


   Skills:
 + Level 6.4 Fighting
 + Level 0.3 Short Blades
 + Level 0.3 Long Blades
 + Level 6.4 Axes
 + Level 0.3 Maces & Flails
 + Level 0.3 Polearms
 + Level 0.3 Staves
 + Level 0.3 Ranged Weapons
 + Level 0.3 Throwing
 + Level 0.3 Armour
 + Level 6.4 Dodging
 + Level 4.0 Stealth
 + Level 0.3 Shields
 + Level 0.3 Unarmed Combat
 + Level 0.3 Spellcasting
 + Level 0.2 Conjurations
 + Level 0.2 Hexes
 + Level 0.2 Summonings
 + Level 0.2 Necromancy
 + Level 0.2 Translocations
 + Level 0.2 Transmutations
 + Level 0.2 Fire Magic
 + Level 0.2 Ice Magic
 + Level 0.2 Air Magic
 + Level 0.2 Earth Magic
 + Level 0.2 Poison Magic
 + Level 0.4 Invocations
 + Level 0.3 Evocations


You had one spell level left.
You didn't know any spells.
Your spell library was empty.

Dungeon Overview and Level Annotations

Branches:
Dungeon (2/15)

Altars:

Annotations:
D:2 Natasha, Terence


Innate Abilities, Weirdness & Mutations

You have very sharp teeth.
Your uncanny sense of smell can sniff out nearby items.
Your experience applies equally to all skills.


Message History

Natasha wildly gestures.
Natasha glows brightly for a moment.
Natasha misses you. Terence hits you with a +0 short sword.
The adder bites you but does no damage.
You hit Terence but do no damage.
Terence is lightly wounded.
You barely miss Natasha. You barely miss the adder. Natasha barely misses you.
Terence looks scornfully at you. Terence barely misses you.
The adder closely misses you.
You barely miss Terence.
Terence is lightly wounded.
You closely miss the adder. You closely miss Natasha.
The adder bites you but does no damage. Natasha claws you.
Terence closely misses you. The adder closely misses you.
You hit Terence but do no damage.
Terence is lightly wounded.
You hit Natasha. You closely miss the adder.
Natasha stares at you and mumbles some strange words.
You resist with significant effort. Terence barely misses you.
The adder barely misses you.
You hit Terence but do no damage.
Terence is lightly wounded.
You barely miss the adder. You barely miss Natasha.
Natasha completely misses you. Terence closely misses you. The adder bites you.
You completely miss Terence.
Terence is lightly wounded.
You hit the adder. You barely miss Natasha.
Natasha casts a spell.
The adder bites you but does no damage. Terence hits you with a +0 short sword.
* * * LOW HITPOINT WARNING * * *
You hit Terence but do no damage.
Terence is lightly wounded.
You miss the adder. You hit Natasha. The adder barely misses you.
Natasha closely misses you. Terence misses you. The adder bites you.
* * * LOW HITPOINT WARNING * * *
You hit Terence but do no damage.
Terence is lightly wounded.
You closely miss the crimson imp. You miss the adder. You miss Natasha.
Natasha closely misses you. Terence barely misses you. The adder bites you.
You die...

∆ # #########
#.#........
############# .#.....>..
............# .........
)....#.....#####.S......
#...............@@......
######..........5h......
#..................
.............$..........
######..................
###########........
#########


You could see Terence, Natasha, a crimson imp (summoned) and an adder.

Vanquished Creatures
  2 ball pythons (D:1)
  An endoplasm (D:2)
  3 goblins
  A hobgoblin (D:1)
  A kobold (D:1)
  A rat (D:1)
9 creatures vanquished.

Notes
Turn   | Place    | Note
-------+----------+-------------------------------------------
     0 | D:1      | gzilladon the Gnoll Monk began the quest for the Orb.
     0 | D:1      | Reached XP level 1. HP: 23/23 MP: 1/1
    51 | D:1      | Reached XP level 2. HP: 12/29 MP: 2/2
   484 | D:2      | Noticed Terence
   485 | D:2      | Noticed Natasha
   499 | D:2      | Noticed a crimson imp
   499 | D:2      | HP: 1/29 [adder (3)]
   500 | D:2      | Slain by an adder

Illustrated notes

Levels and vault maps discovered:
D:1:      amcnicky_arrival_choice, layout_rooms, ebering_ecumenical_altar_hall,
          grunt_decor_cap, minmay_pentomino_r4
D:2:      minmay_recursive_quarters, layout_rooms, minmay_split_cup_small,
          uniq_natasha, uniq_terence

Action                   || total
-------------------------++-------
Melee: Hand axe          ||    41
       Punch             ||     4
       Bite              ||     3
Armor: Robe              ||     5
Dodge: Dodged            ||    39
